 Dungeon Crawl Stone Soup version 0.29-a0-270-g1586fc07ea (webtiles) character file.

Game seed: 18354387332299903032

58 garek482 the Shooter (level 3, -1/31 HPs)
             Began as a Minotaur Hunter on Mar 7, 2022.
             Was a Follower of Sif Muna.
             Slain by a goblin
             ... wielding a +0 dagger
             ... led by Robin
              (2 damage)
             ... on level 3 of the Dungeon.
             The game lasted 00:13:01 (1861 turns).

garek482 the Shooter (Minotaur Hunter)              Turns: 1861, Time: 00:13:02

Health: -1/31      AC:  4    Str: 16    XL:     3   Next: 75%
Magic:  2/2        EV: 12    Int:  8    God:    Sif Muna [*.....]
Gold:   137        SH:  0    Dex: 12    Spells: 2/2 levels left

rFire   . . .      SeeInvis .   a - +1 shortbow
rCold   . . .      Faith    .   (shield currently unavailable)
rNeg    . . .      Spirit   .   b - +0 leather armour
rPois   +          Reflect  .   (helmet restricted)
rElec   .          Harm     .   (no cloak)
rCorr   .          Rampage  .   i - +0 pair of gloves
Will    .....                   (no boots)
Stlth   +.........              (no amulet)
HPRegen 0.10/turn               m - ring of poison resistance
MPRegen 0.08/turn               (no ring)

@: no status effects
A: horns 2, retaliatory headbutt
a: Renounce Religion, Channel Magic


You were on level 3 of the Dungeon.
You worshipped Sif Muna.
Sif Muna was aware of your devotion.
You visited 1 branch of the dungeon, and saw 3 of its levels.

You collected 137 gold pieces.

Inventory:

Hand Weapons
 a - a +1 shortbow (weapon)
 e - a +0 quarterstaff
 g - a +0 club
 h - a +0 whip
 o - a +0 hand axe
Missiles
 l - 4 curare-tipped darts
 t - 4 poisoned darts
 u - 3 javelins
Armour
 b - a +0 leather armour (worn)
 i - a +0 pair of gloves (worn)
 p - a +0 leather armour
Jewellery
 m - a ring of poison resistance (left hand)
Scrolls
 c - a scroll of immolation
 q - a scroll of vulnerability {unknown}
 r - a scroll of fog {unknown}
 w - a scroll of teleportation {unknown}
Potions
 f - a potion of mutation {unknown}
 j - 2 potions of curing {unknown}
 k - a potion of attraction {unknown}
 n - a potion of brilliance {unknown}
 s - a potion of heal wounds {unknown}


   Skills:
 + Level 3.1 Fighting
 + Level 5.5 Bows
 + Level 1.0 Armour
 + Level 2.3 Dodging
 + Level 0.7 Stealth


You had 2 spell levels left.
You didn't know any spells.
Your spell library contained the following spells:

 Spells                   Type           Power      Damage    Failure   Level
 Freeze                   Ice            0%         1d3       47%         1
 Frozen Ramparts          Ice            0%         1d2       85%         3
 Hailstorm                Conj/Ice       0%         3d3       99%         4


Dungeon Overview and Level Annotations

Branches:
Dungeon (3/15)

Altars:
Sif Muna

Annotations:
D:3 Robin


Innate Abilities, Weirdness & Mutations

You have a pair of horns on your head.
You reflexively headbutt those who attack you in melee.


Message History

You shoot an arrow. The arrow barely misses the goblin.
The goblin hits you with a +0 dagger. Robin throws the goblin at you!
The goblin hits you with a +0 dagger.
You clumsily bash the goblin but do no damage.
Your headbutt misses the goblin. The goblin closely misses you.
The goblin misses you. The goblin closely misses you. The adder bites you.
You clumsily bash the goblin but do no damage.
The goblin barely misses you. The goblin hits you but does no damage.
The goblin closely misses you. The adder bites you but does no damage.
The goblin barely misses you.
The goblin hits you with a +0 dagger. x2
You shoot an arrow. The arrow hits the adder!
You kill the adder!
Sif Muna accepts your kill. The goblin barely misses you.
The goblin misses you. The goblin closely misses you. You furiously retaliate!
You headbutt the goblin. The ball python barely misses you.
The ball python grabs you. The ball python constricts you.
Your Armour skill increases to level 1!
You shoot an arrow. The arrow hits the ball python.
The ball python is severely wounded.
The ball python misses you. The ball python constricts you.
The goblin hits you but does no damage. x3
You shoot an arrow. The arrow hits the ball python.
You kill the ball python!
Sif Muna accepts your kill.
The goblin no longer looks unusually strong. x3
The goblin hits you but does no damage. The goblin hits you with a +0 dagger.
Robin roars a battlecry!
The goblins go into a battle-frenzy!
The goblin hits you but does no damage.
As you read the scroll labelled GOAKHLULL FOUT, it crumbles to dust.
Your body is wracked with pain!
* * * LOW HITPOINT WARNING * * *
The goblin convulses! x5; Robin convulses!
The goblin convulses!
It was a scroll of torment.
The goblin hits you with a +0 dagger.
* * * LOW HITPOINT WARNING * * *
The frilled lizard bites you.
* * * LOW HITPOINT WARNING * * *
The goblin hits you with a +0 dagger.
You die... #.## #..# #..# ..# ##.## #..# ##.# #.## #..# ##g# # ###@#.# #glgg.#

#ggg..#
#.....#
.....#..#
..)†.....#
............
.............
...gS.........


You could see Robin, 6 goblins and a frilled lizard.

Vanquished Creatures
  An adder (D:3)
  An adder zombie (D:2)
  An adder skeleton (D:2)
  A dart slug (D:2)
  3 ball pythons
  6 endoplasms
  4 goblins
  3 hobgoblins
  3 jackals (D:1)
  5 kobolds
  2 ball python skeletons (D:2)
  2 bats (D:1)
  2 frilled lizards (D:1)
  A jackal zombie (D:2)
  2 rats
37 creatures vanquished.

Vanquished Creatures (others)
  9 plants (D:1)
  2 withered plants (D:2)
11 creatures vanquished.

Grand Total: 48 creatures vanquished

Notes
Turn   | Place    | Note
-------+----------+-------------------------------------------
     0 | D:1      | garek482 the Minotaur Hunter began the quest for the Orb.
     0 | D:1      | Reached XP level 1. HP: 18/18 MP: 0/0
   357 | D:1      | Reached XP level 2. HP: 25/25 MP: 1/1
   442 | D:1      | Reached skill level 5 in Bows
  1005 | D:2      | Reached XP level 3. HP: 20/31 MP: 2/2
  1312 | D:2      | Found a faded altar of an unknown god.
  1327 | D:2      | Prayed at the altar of an unknown god.
  1327 | D:2      | Became a worshipper of Sif Muna the Loreminder
  1327 | D:2      | Reached * piety under Sif Muna
  1849 | D:3      | Noticed Robin
  1859 | D:3      | Reached skill level 1 in Armour
  1861 | D:3      | HP: 1/31 [frilled lizard (1)]
  1861 | D:3      | Slain by a goblin

Illustrated notes

Levels and vault maps discovered:
D:1:      elethiomel_arrival_fortress_basement, layout_basic, serial_bayou,
          serial_bayou_shore_b, serial_bayou_lake_a, serial_bayou_shore_a,
          serial_bayou_lagoon_a
D:2:      layout_basic, serial_undead, serial_undead_c, serial_undead_c,
          serial_undead_f, serial_undead_b, shapermc_ecumenical_altar_pompeii
D:3:      layout_basic, minmay_misc_feat_chi, hangedman_decor_riveting,
          uniq_ijyb, uniq_robin, uniq_terence, uniq_jessica

Skill      XL: |  1  2  3 |
---------------+----------+-----
Bows           | 5 |  5.5
Fighting       | 3 |  3.1
Armour         | 1 |  1.0
Dodging        | |  2.3
Stealth        | |  0.7

Action                   || total
-------------------------++-------
Melee: Shortbow          ||    15
       Headbutt          ||     3
 Fire: Shortbow          ||    84
  Use: Scroll            ||     3
Armor: Leather armour    ||    33
Dodge: Dodged            ||    51

Table legend: (Time is in decaauts)
 A = Elapsed time spent in this place.
 B = Non-inter-level travel time spent in this place.
 C = Inter-level travel time spent in this place.
 D = Time resting spent in this place.
 E = Time spent auto-exploring this place.
 F = Levels seen in this place.
 G = Mean time per level.
                   A        B        C        D        E       F      G
               +--------+--------+--------+--------+--------+-----+--------+
         Total |   1936 |   1881 |     55 |    234 |    715 |   3 |  645.3 |
       Dungeon |   1936 |   1881 |     55 |    234 |    715 |   3 |  645.3 |
               +--------+--------+--------+--------+--------+-----+--------+

Top non-repeatable levels by time:
     D:1: 973 daAuts
     D:2: 914 daAuts
     D:3: 47 daAuts
